 Dungeon Crawl Stone Soup version 0.18.1-48-g4cf74bf (webtiles) character file.

588 Iskender the Sneak (level 7, 0/45 HPs)
             Began as an Octopode Gladiator on Aug 24, 2016.
             Slain by a centaur (6 damage)
             ... on level 5 of the Dungeon.
             The game lasted 00:28:07 (3858 turns).

Iskender the Sneak (Octopode Gladiator)             Turns: 3858, Time: 00:28:08

Health: 0/45       AC:  1    Str: 19    XL:     7   Next: 38%
Magic:  7/7        EV: 13    Int: 11    God:
Gold:   316        SH:  0    Dex: 14    Spells: 1 memorised, 4 levels left

rFire  . . .     SeeInvis .     a - +0 trident
rCold  . . .     Gourm    .     (no shield)
rNeg   . . .     Faith    .     F - +0 hat
rPois  .         Spirit   .     (no amulet)
rElec  .         Dismiss  .     (no ring)
rCorr  .         Reflect  .     (no ring)
SustAt .         Harm     .     (no ring)
MR     .....                    (no ring)
Stlth  +++++.....               (no ring)
                                (no ring)
                                (no ring)
                                (no ring)

@: mighty, not resistant to hostile enchantments, quite stealthy
A: almost no armour, amphibious, 8 rings, constrict 8, camouflage 1, gelatinous
body 1
a: no special abilities


You were on level 5 of the Dungeon.
You were hungry.

You visited 1 branch of the dungeon, and saw 5 of its levels.

You collected 316 gold pieces.

Inventory:

Hand Weapons
 a - a +0 trident (weapon)
 b - a +2 hunting sling of freezing
 i - a +0 spear
 r - a +0 dagger
 v - a -2 blowgun
 w - a +0 war axe
 A - a +2 dagger of venom
 B - a +2 flail of protection
 C - a +0 mace
 D - a +0 hand axe
 E - a +0 whip
 L - a +1 whip of freezing
Missiles
 c - 4 throwing nets {!f}
 m - 119 stones
 n - 63 arrows
 t - 19 sling bullets
 y - 6 tomahawks (quivered)
 I - 7 curare-tipped needles
 J - 8 poisoned needles
Armour
 F - a +0 hat (worn)
Wands
 G - a wand of disintegration (16/24)
Scrolls
 h - a scroll of remove curse
 l - a scroll of random uselessness {unknown}
 o - a scroll of teleportation
 s - a scroll of blinking
 u - 2 scrolls of magic mapping {unknown}
 x - a scroll of recharging
Potions
 e - a potion of agility {unknown}
 k - a potion of might
 p - a potion of brilliance {unknown}
 q - a potion of berserk rage {unknown}
 z - 2 potions of heal wounds {unknown}
 K - a potion of curing {unknown}
Books
 j - a book of Battle

   Spells                             Type                      Level
   a - Infusion                       Charms                       1
   b - Shroud of Golubria             Charms/Translocation         2
   c - Song of Slaying                Charms                       2
   d - Spectral Weapon                Hexes/Charms                 3
   e - Regeneration                   Charms/Necromancy            3
Comestibles
 d - 3 bread rations
 f - 4 beef jerkies
 g - 2 meat rations
 H - 2 slices of pizza


   Skills:
 - Level 2.0 Fighting
 - Level 4.0 Polearms
 - Level 5.3(5.5) Slings
 - Level 2.0(3.9) Throwing
 - Level 3.0 Dodging
 - Level 6.1 Stealth
 - Level 0.6 Charms
 + Level 0.0 Translocations


You had 4 spell levels left.
You knew the following spells:

 Your Spells              Type           Power        Failure   Level  Hunger
g - Shroud of Golubria    Chrm/Tloc      #.........   56%         2    ###....


Dungeon Overview and Level Annotations

Branches:
Dungeon (5/15)
 Temple: D:4-7

Altars:
Pakellas
Trog
Vehumet
Zin

Annotations:
D:3 Sigmund
D:5 Blork the orc


Innate Abilities, Weirdness & Mutations

You cannot wear most types of armour.
You are amphibious.
You can wear up to eight rings at the same time.
You can use your tentacles to constrict eight enemies at once.
Your skin changes colour to match your surroundings (Stealth).
Your rubbery body absorbs attacks (AC +1).


Message History

The centaur barely misses you.
You closely miss the centaur.
The centaur is severely wounded.
The centaur hits you. x2
You completely miss the centaur.
The centaur is severely wounded.
The centaur misses you.
You hit the centaur.
The centaur is severely wounded.
The centaur hits you! The centaur hits you.
* * * LOW HITPOINT WARNING * * *
You barely miss the centaur.
The centaur is severely wounded.
The centaur closely misses you. The centaur hits you!
* * * LOW HITPOINT WARNING * * *
Drink which item? (? for menu, Esc to quit)
It was a potion of might.
You feel very mighty all of a sudden. The centaur hits you.
You die...

#...# #+##. #..c# +...
#...#####..#
###.#..#..#..+
.c.#..#..'..#
.#####.#..####.#######
..........P+...#..#...
######c#...#)).#.))...
#..@.#.###'#.######'
#.##.#.').)#...†....
#.##...#...#..##'#..
#.##...###'####..###
#.##.#..#.)c..#(.#.)
#.##.#..#.).).#..)..
#.##....#.....######
#.##....#######..P..
#.##.#..............


You could see a centaur.

Vanquished Creatures
  A phantom (D:5)
  A giant frog zombie (D:5)
  2 hounds (D:5)
  A jelly (D:5)
  An orc priest (D:4)
  A centaur skeleton (D:5)
  3 iguanas
  2 worker ants
  6 adders
  5 gnolls (D:5)
  An adder skeleton (D:4)
  A worm (D:2)
  2 dart slugs
  4 giant geckos
  19 orcs
  3 bats
  A giant cockroach (D:1)
  8 hobgoblins
  6 kobolds
  2 quokkas
  4 giant newts
  9 goblins
  A jackal skeleton (D:4)
  4 rats
  A fungus (D:3)
89 creatures vanquished.

Notes
Turn   | Place    | Note
--------------------------------------------------------------
     0 | D:1      | Iskender the Octopode Gladiator began the quest for the Orb.
     0 | D:1      | Reached XP level 1. HP: 14/14 MP: 1/1
    48 | D:1      | Reached skill level 1 in Stealth
   164 | D:1      | Reached skill level 2 in Stealth
   164 | D:1      | Reached XP level 2. HP: 14/19 MP: 2/2
   375 | D:2      | Reached skill level 3 in Stealth
   775 | D:2      | Reached skill level 4 in Stealth
   775 | D:2      | Reached XP level 3. HP: 23/24 MP: 3/3
   920 | D:3      | Noticed Sigmund
  1137 | D:3      | Found an oddly glowing altar of Pakellas.
  1149 | D:3      | Reached XP level 4. HP: 24/29 MP: 4/4
  1171 | D:3      | Found a radiant altar of Vehumet.
  1299 | D:3      | Found a glowing silver altar of Zin.
  1760 | D:4      | Learned a level 2 spell: Shroud of Golubria
  1922 | D:4      | Reached skill level 5 in Stealth
  1922 | D:4      | Reached XP level 5. HP: 33/34 MP: 5/5
  2332 | D:4      | Noticed a centaur
  2372 | D:4      | Reached skill level 6 in Stealth
  2448 | D:4      | Reached skill level 1 in Slings
  2617 | D:4      | Reached XP level 6. HP: 32/39 MP: 6/6
  2663 | D:5      | Entered Level 5 of the Dungeon
  2671 | D:5      | Noticed Blork the orc
  2782 | D:5      | Noticed a phantom
  2845 | D:5      | Killed a phantom
  3212 | D:5      | Reached XP level 7. HP: 38/45 MP: 7/7
  3357 | D:5      | Reached skill level 5 in Slings
  3705 | D:5      | Found a bloodstained altar of Trog.
  3858 | D:5      | Slain by a centaur

Skill      XL: |  1  2  3  4  5  6  7 |
---------------+----------------------+-----
Stealth        | 2 4 5 6 |  6.1
Polearms       | 4 |  4.0
Slings         | 2 4 5 |  5.3
Fighting       | |  2.0
Throwing       | |  2.0
Dodging        | |  3.0
Charms         | |  0.6

Action                   |  1- 3 |  4- 6 |  7- 9 || total
-------------------------+-------+-------+-------++-------
Melee: Trident           |    67 |   100 |    37 ||   204
       Constrict         |    19 |    19 |     5 ||    43
       Tentacles         |    13 |    13 |     5 ||    31
       Dagger            |       |     3 |       ||     3
 Fire: Hunting sling     |       |    36 |     3 ||    39
Throw: Stone             |       |    23 |       ||    23
       Tomahawk          |       |     6 |     1 ||     7
 Cast: Shroud of Golubri |       |     2 |       ||     2
  Use: Scroll            |       |     7 |     1 ||     8
       Potion            |       |       |     1 ||     1
 Stab: Sleeping          |     9 |    10 |     6 ||    25
       Distracted        |     1 |       |       ||     1
  Eat: Chunk             |     1 |     6 |     2 ||     9
Armor: Skin              |       |     1 |     1 ||     2
Dodge: Dodged            |    21 |    43 |    16 ||    80
